 Dungeon Crawl Stone Soup version 0.29-a0-341-g24ffce5b50 (webtiles) character file.

Game seed: 8134708419611169021

1411 croobank the Skirmisher (level 8, 0/73 HPs)
             Began as a Hill Orc Fighter on Apr 20, 2022.
             Was an Initiate of Gozag.
             Slain by a gnoll sergeant
             ... wielding a +4 vorpal spear
              (4 damage)
             ... on level 6 of the Dungeon.
             The game lasted 00:13:53 (6255 turns).

croobank the Skirmisher (Hill Orc Fighter)          Turns: 6255, Time: 00:13:55

Health: 0/73       AC:  9    Str: 21    XL:     8   Next: 70%
Magic:  8/8        EV:  9    Int:  8    God:    Gozag
Gold:   196        SH:  5    Dex: 10    Spells: 7/7 levels left

rFire   . . .      SeeInvis .   a - +0 war axe
rCold   . . .      Faith    .   c - +0 buckler
rNeg    . . .      Spirit   .   o - +0 scale mail
rPois   .          Reflect  .   (no helmet)
rElec   .          Harm     .   (no cloak)
rCorr   +          Rampage  .   x - +0 pair of gloves
Will    .....                   (no boots)
Stlth   ..........              (no amulet)
HPRegen 0.22/turn               u - ring of resist corrosion
MPRegen 0.11/turn               (no ring)

@: silenced
A: no striking features
a: Renounce Religion


You were on level 6 of the Dungeon.
You worshipped Gozag.
Gozag was aware of your devotion.
You visited 2 branches of the dungeon, and saw 7 of its levels.

You collected 322 gold pieces.
You paid 126 gold pieces to Gozag.

Inventory:

Hand Weapons
 a - a +0 war axe (weapon)
 b - a +0 hunting sling
 C - a +3 trident of protection
 D - a +2 whip of freezing
 F - a +2 flail of holy wrath
 J - the +9 dagger "Spider's Funeral" {pain, rPois}
   (You found it on level 5 of the Dungeon)

   In the hands of one skilled in necromantic magic, it inflicts extra damage on
   living creatures.
   rPois:     It protects you from poison.
 K - a +1 mace of protection
Missiles
 e - 170 stones
 m - 6 silver javelins
 n - 7 poisoned darts (quivered)
Armour
 c - a +0 buckler (worn)
 o - a +0 scale mail (worn)
 x - a +0 pair of gloves (worn)
Jewellery
 u - a ring of resist corrosion (left hand)
 v - an amulet of faith
Wands
 t - a wand of acid (5)
 I - a wand of paralysis (11)
Scrolls
 h - 2 scrolls of immolation
 s - a scroll of magic mapping {unknown}
 w - a scroll of enchant weapon {unknown}
 z - a scroll of teleportation {unknown}
 E - 2 scrolls of silence
 G - a scroll of amnesia {unknown}
 H - a scroll of enchant armour {unknown}
Potions
 d - a potion of might
 g - 2 potions of flight
 i - a potion of magic
 j - 2 potions of cancellation
 k - a potion of resistance
 l - a potion of ambrosia
 p - 2 potions of degeneration {unknown}
 q - a potion of haste {unknown}
 r - 2 potions of curing
 A - a potion of brilliance {unknown}
 B - a potion of invisibility {unknown}
Miscellaneous
 y - a box of beasts (inert)


   Skills:
 + Level 7.2 Fighting
 + Level 7.2 Axes
 + Level 6.6 Armour
 + Level 6.5 Shields


You had 7 spell levels left.
You didn't know any spells.
Your spell library contained the following spells:

 Spells                   Type           Power      Damage    Failure   Level
 Ozocubu's Armour         Ice            0%         N/A       99%         3
 Ozocubu's Refrigeration  Ice            0%         4d5       100%        7


Dungeon Overview and Level Annotations

Branches:
Dungeon (6/15)             Temple (1/1) D:5

Altars:
Ashenzari
Cheibriados
Dithmenos
Elyvilon
Fedhas
Gozag
Hepliaklqana
Kikubaaqudgha
Makhleb
Nemelex Xobeh
Okawaru
Qazlal
Ru
Sif Muna
Trog
Uskayaw
Vehumet
Wu Jian
Xom
Yredelemnul
The Shining One


Message History

The gnoll hits you from afar with a +0 halberd.
The gnoll hits you but does no damage.
The gnoll sergeant hits you from afar with a +4 vorpal spear.
The bullfrog barely misses you.
You barely miss the bullfrog.
The bullfrog is lightly wounded.
You barely miss the gnoll. The bullfrog hits you. The gnoll barely misses you.
The gnoll hits you but does no damage.
The gnoll sergeant hits you from afar with a +4 vorpal spear.
Unknown command.
You slash the bullfrog!
The bullfrog is severely wounded.
You completely miss the gnoll. The bullfrog hits you.
The gnoll hits you from afar with a +0 halberd.
The gnoll hits you with a +0 halberd!
The gnoll sergeant hits you from afar with a +4 vorpal spear!
* * * LOW HITPOINT WARNING * * *
x2 The bullfrog closely misses you.
As you read the scroll labelled PUCOIH MEUNUDGH, it crumbles to dust.
A profound silence engulfs you.
It was a scroll of silence.
The bullfrog hits you but does no damage.
The gnoll barely misses you. x2; The gnoll sergeant barely misses you.
You feel much better. You block the bullfrog's attack.
The gnoll barely misses you. The gnoll hits you with a +0 halberd!
The gnoll sergeant hits you from afar with a +4 vorpal spear.
The bullfrog hits you.
* * * LOW HITPOINT WARNING * * *
The bullfrog hits you but does no damage.
The gnoll hits you from afar with a +0 halberd.
* * * LOW HITPOINT WARNING * * *
You block the gnoll sergeant's attack.
You slash the gnoll sergeant!
The gnoll sergeant is almost dead.
You barely miss the bullfrog. The bullfrog hits you.
* * * LOW HITPOINT WARNING * * *
The gnoll barely misses you.
The gnoll sergeant hits you with a +4 vorpal spear!
* * * LOW HITPOINT WARNING * * *
You die...
Your body crumbles into a pile of gold.

$ .# ..# #..# # .$# ..#
...# ....##########..#
........@.ggoo..#
....#.gF)##gg..########
.......######oo.........
####### #gggg(.....
##..........
#...<.......
#...#####.... ### .


You could see a gnoll sergeant, a bullfrog, an orc wizard, 4 gnolls and an orc.

Vanquished Creatures
  Pikel (D:4)
  Edmund (D:5)
  A black bear (D:5)
  A phantom (D:5)
  A kobold brigand (D:4)
  2 scorpions (D:5)
  A hound (D:5)
  A gnoll shaman (D:5)
  An iguana (D:4)
  6 gnolls
  9 adders
  2 ufetubi (D:5)
  A dart slug (D:1)
  9 orcs
  6 endoplasms
  2 giant cockroaches
  9 goblins
  4 hobgoblins
  13 jackals
  6 kobolds
  A quokka (D:2)
  12 ball pythons
  5 bats
  4 frilled lizards
  7 rats
106 creatures vanquished.

Vanquished Creatures (collateral kills)
  Sigmund (D:4)
  An endoplasm (D:4)
  A ball python (D:4)
3 creatures vanquished.

Vanquished Creatures (others)
  A centaur (D:5)
  8 plants (D:2)
9 creatures vanquished.

Grand Total: 118 creatures vanquished

Notes
Turn   | Place    | Note
-------+----------+-------------------------------------------
     0 | D:1      | croobank the Hill Orc Fighter began the quest for the Orb.
     0 | D:1      | Reached XP level 1. HP: 19/19 MP: 1/1
   259 | D:1      | Found a faded altar of an unknown god.
   284 | D:1      | Reached XP level 2. HP: 12/27 MP: 2/2
   668 | D:1      | Reached XP level 3. HP: 28/33 MP: 3/3
  1370 | D:2      | Reached XP level 4. HP: 31/40 MP: 4/4
  2749 | D:4      | Noticed Sigmund
  2756 | D:4      | Reached XP level 5. HP: 47/47 MP: 5/5
  2772 | D:4      | Killed Sigmund
  2773 | D:4      | Reached skill level 5 in Fighting
  2773 | D:4      | Reached XP level 6. HP: 19/56 MP: 6/6
  3350 | D:4      | Reached skill level 5 in Axes
  3350 | D:4      | Reached skill level 5 in Armour
  3612 | D:4      | Noticed Pikel
  3619 | D:4      | Killed Pikel
  3620 | D:4      | Reached skill level 5 in Shields
  3620 | D:4      | Reached XP level 7. HP: 52/64 MP: 7/7
  3776 | D:4      | Reached XP level 8. HP: 71/71 MP: 8/8
  4163 | D:5      | Entered Level 5 of the Dungeon
  4287 | D:5      | Noticed Edmund
  4301 | D:5      | Killed Edmund
  5075 | D:5      | Found a staircase to the Ecumenical Temple.
  5090 | D:5      | Identified the +9 dagger "Spider's Funeral" {pain, rPois}
  5505 | Temple   | Entered the Ecumenical Temple
  5571 | Temple   | Became a worshipper of Gozag Ym Sagoz the Greedy
  6255 | D:6      | Slain by a gnoll sergeant

Illustrated notes

Levels and vault maps discovered:
D:1:      psy_arrival_terrarium, layout_basic, chequers_ecumenical_altar_island,
          minmay_misc_feat_room
D:2:      layout_loops_ring, serial_forest, infiniplex_forest_clump_C,
          infiniplex_forest_clump_double, infiniplex_forest_lined_corner,
          infiniplex_forest_join
D:3:      layout_loops_ring, minivault_5
D:4:      layout_basic, uniq_sigmund, uniq_pikel
D:5:      layout_rooms, temple_fountains, small_statue_intersection,
          lemuel_flamethrower_1, uniq_edmund
D:6:      layout_layer_cave, serial_shops, shop, hangedman_decor_peaks_small,
          minivault_5
Temple:   compressed_dpeg_circular_temple

Skill      XL: |  1  2  3  4  5  6  7  8 |
---------------+-------------------------+-----
Axes           | 3 4 6 7 |  7.2
Fighting       | 4 5 6 7 |  7.2
Armour         | 4 5 6 |  6.6
Shields        | 4 5 6 |  6.5

Action                   |  1- 3 |  4- 6 |  7- 9 || total
-------------------------+-------+-------+-------++-------
Melee: War axe           |   116 |   101 |   117 ||   334
Throw: Dart              |     4 |       |     3 ||     7
Evoke: Wand              |       |     3 |       ||     3
       Box of beasts     |       |     1 |     1 ||     2
  Use: Scroll            |       |     7 |     2 ||     9
       Potion            |       |     2 |     5 ||     7
Armor: Scale mail        |    64 |    48 |    72 ||   184
Dodge: Dodged            |    63 |    43 |    90 ||   196
Block: Buckler           |    23 |    18 |    60 ||   101

Table legend: (Time is in decaauts)
 A = Elapsed time spent in this place.
 B = Non-inter-level travel time spent in this place.
 C = Inter-level travel time spent in this place.
 D = Time resting spent in this place.
 E = Time spent auto-exploring this place.
 F = Levels seen in this place.
 G = Mean time per level.
                   A        B        C        D        E       F      G
               +--------+--------+--------+--------+--------+-----+--------+
         Total |   6367 |   6102 |    265 |   1428 |   3645 |   7 |  909.6 |
       Dungeon |   6263 |   6008 |    255 |   1428 |   3575 |   6 | 1043.8 |
        Temple |    103 |     94 |      9 |      0 |     70 |   1 |  103.0 |
               +--------+--------+--------+--------+--------+-----+--------+

Top non-repeatable levels by time:
     D:5: 1937 daAuts
     D:4: 1458 daAuts
     D:2: 1072 daAuts
     D:3: 917 daAuts
     D:1: 812 daAuts
  Temple: 103 daAuts
     D:6: 66 daAuts
